 Dungeon Crawl Stone Soup version 0.29.0-4-gdea44cf6ec (webtiles) character file.

Game seed: 9096683479551892590

155 qw the Chopper (level 5, 0/33 HPs)
             Began as a Gargoyle Berserker on Sept 6, 2022.
             Was a Believer of Trog.
             Slain by a gnoll
             ... wielding a +0 spear
             ... led by a gnoll bouda
              (3 damage)
             ... on level 4 of the Dungeon.
             The game lasted 00:00:54 (3229 turns).

qw the Chopper (Gargoyle Berserker)                 Turns: 3229, Time: 00:00:55

Health: 0/33       AC: 12    Str: 23    XL:     5   Next: 37%
Magic:  5/5        EV:  8    Int:  7    God:    Trog [**....]
Gold:   96         SH:  0    Dex:  9    Spells: 4/4 levels left

rFire   . . .      SeeInvis .   Y - +0 war axe (drain)
rCold   . . .      Faith    .   (no shield)
rNeg    + . .      Spirit   .   n - +0 chain mail
rPois   inf        Reflect  .   (no helmet)
rElec   +          Harm     .   (no cloak)
rCorr   .          Rampage  .   (no gloves)
Will    .....                   (no boots)
Stlth   ..........              (no amulet)
HPRegen 0.11/turn               (no ring)
MPRegen 0.09/turn               (no ring)

@: about to teleport, on berserk cooldown, slowed, very slow
A: sickness immunity, AC +4, negative energy resistance 1, electricity
resistance, torment resistance 1, petrification resistance
a: Renounce Religion, Berserk, Trog's Hand


You were on level 4 of the Dungeon.
You worshipped Trog.
Trog was pleased with you.
You visited 1 branch of the dungeon, and saw 4 of its levels.

You collected 126 gold pieces.
You spent 30 gold pieces at shops.


Innate Abilities, Weirdness & Mutations

You are immune to sickness and miasma.
Your stone body is resilient. (AC +4)
You are immune to poison.
You resist negative energy. (rN+)
You are resistant to electric shocks. (rElec)
You are resistant to unholy torment.
You are immune to petrification.


   Skills:
 + Level 3.7 Fighting
 - Level 5.1 Axes
 - Level 2.1 Armour
 - Level 1.5 Dodging


You had 4 spell levels left.
You didn't know any spells.
Your spell library was empty.

Inventory:

Hand Weapons
 g - a +0 club
 Y - a +0 war axe of draining (weapon)
Armour
 n - a +0 chain mail (worn)
Scrolls
 b - a scroll of teleportation
 h - a scroll of identify
 i - a scroll of poison {unknown}
Potions
 a - a potion of resistance {unknown}
 c - a potion of brilliance {unknown}
 d - a potion of might
 e - a potion of attraction {unknown}
 f - 3 potions of curing

Dungeon Overview and Level Annotations

Branches:
Dungeon (4/15)
 Temple: D:4-7

Altars:
Dithmenos

Shops:
D:2 !


Message History

You kill the gnoll!
Trog accepts your kill.
You barely miss the gnoll. The gnoll barely misses you.
The gnoll hits you but does no damage.
You barely miss the gnoll.
The gnoll hits you from afar with a +0 spear.
You barely miss the gnoll. The gnoll barely misses you. x2
You slash the gnoll! You drain the gnoll.
The gnoll is almost dead.
The gnoll hits you but does no damage.
You hit the gnoll.
You kill the gnoll!
Trog accepts your kill. The gnoll hits you but does no damage.
You enter the shallow water.
Moving in this stuff is going to be slow.
The gnoll closely misses you.
Your unstable footing causes you to fumble your attack.
You closely miss the gnoll bouda. You barely miss the gnoll.
The gnoll hits you with a +0 spear.
Your unstable footing causes you to fumble your attack.
The gnoll bouda hits you with a +0 whip.
The gnoll closely misses you.
Your unstable footing causes you to fumble your attack.
You are no longer berserk.
You are exhausted.
You feel yourself slow down.
The gnoll bouda hits you with a +0 whip!
The gnoll hits you but does no damage.
3228 ||| READING 2 scrolls of teleportation.
As you read the scroll of teleportation, it crumbles to dust.
You feel strangely unstable.
The gnoll bouda hits you with a +0 whip.
The gnoll hits you but does no damage. The gnoll bouda completely misses you.
You closely miss the gnoll bouda. You barely miss the gnoll.
The gnoll hits you but does no damage.
The gnoll bouda hits you but does no damage.
The gnoll hits you with a +0 spear.
You die...

.# #.# g.
.g ..# ###g
#.# #.. ...
###g### #.#
#~~g@~# #.#
#~.7.~###.#
+.777.'.#.#
#~.7.~#...#
#~~.~~###.#
###+### #.#
#...###.#
#.....#
#####.#


You could see a gnoll bouda and a gnoll (swift).

Vanquished Creatures
  A scorpion (D:3)
  2 gnolls (D:4)
  4 adders (D:2)
  A dart slug (D:2)
  An orc (D:3)
  2 ball pythons (D:1)
  5 endoplasms
  4 goblins
  4 hobgoblins
  7 kobolds
  2 quokkas (D:2)
  A bat (D:1)
  5 frilled lizards
  4 rats
43 creatures vanquished.

Notes
Turn   | Place    | Note
-------+----------+-------------------------------------------
     0 | D:1      | qw the Gargoyle Berserker began the quest for the Orb.
     0 | D:1      | Reached XP level 1. HP: 14/14 MP: 1/1
     0 | D:1      | 0 ||| qw: Version: 0.1-a-108-g9e35731
     0 | D:1      | 0 ||| qw: Game counter: 6235
     0 | D:1      | 0 ||| qw: Always use a shield: true
     0 | D:1      | 0 ||| qw: Do Orc after D:15 true
     0 | D:1      | 0 ||| qw: Do second Lair branch before Depths: true
     0 | D:1      | 0 ||| qw: Lair rune preference: random
     0 | D:1      | 0 ||| qw: Plans: Normal
     0 | D:1      | 0 ||| PLANNING D:1-11
    45 | D:1      | 45 ||| Stepping ~*~*~tactically~*~*~ (stealth).
    64 | D:1      | 64 ||| Stepping ~*~*~tactically~*~*~ (stealth).
   313 | D:1      | Reached skill level 3 in Axes
   385 | D:1      | Reached XP level 2. HP: 19/19 MP: 2/2
   899 | D:1      | 899 ||| UPGRADING to +0 ring mail.
   909 | D:1      | 909 ||| DROPPING +0 animal skin.
   910 | D:1      | 910 ||| READING scroll labelled HOOHOQ FANWURR.
   911 | D:1      | 911 ||| READING scroll labelled INIRUA CYIDOME.
   912 | D:1      | 912 ||| READING scroll labelled CYSUSO LEOSOR.
  1013 | D:1      | 1013 ||| READING scroll labelled KOODOO HOEFIP.
  1017 | D:1      | 1017 ||| DRINKING 2 yellow potions.
  1022 | D:2      | Found Wilam's Distillery.
  1026 | D:2      | 1026 ||| BUYING potion of curing (30 gold).
  1026 | D:2      | Bought a potion of curing for 30 gold pieces
  1026 | D:2      | 1026 ||| SHOPLISTING potion of curing (30 gold, have 26).
  1026 | D:2      | 1026 ||| SHOPLISTING potion of haste (100 gold, have 26).
  1026 | D:2      | 1026 ||| SHOPLISTING potion of heal wounds (50 gold, have
                  | 26).
  1026 | D:2      | 1026 ||| SHOPLISTING potion of mutation (80 gold, have 26).
  1063 | D:2      | Reached XP level 3. HP: 22/23 MP: 3/3
  1132 | D:2      | Reached ** piety under Trog
  1133 | D:2      | Reached skill level 4 in Axes
  1510 | D:2      | Reached XP level 4. HP: 24/28 MP: 4/4
  2139 | D:2      | 2139 ||| READING scroll labelled CISHRO HOREUMN.
  2140 | D:2      | 2140 ||| DRINKING 2 metallic blue potions.
  2241 | D:2      | 2241 ||| DROPPING potion of ambrosia.
  2273 | D:3      | Found a faded altar of an unknown god.
  2320 | D:3      | Found a shadowy altar of Dithmenos.
  2333 | D:3      | Noticed a scorpion
  2334 | D:3      | 2334 ||| Stepping ~*~*~tactically~*~*~ (stealth).
  2335 | D:3      | 2335 ||| Stepping ~*~*~tactically~*~*~ (stealth).
  2337 | D:3      | 2337 ||| Stepping ~*~*~tactically~*~*~ (stealth).
  2338 | D:3      | 2338 ||| Stepping ~*~*~tactically~*~*~ (stealth).
  2355 | D:3      | Killed a scorpion
  2356 | D:3      | Reached skill level 5 in Axes
  2356 | D:3      | Reached XP level 5. HP: 30/32 MP: 5/5
  2412 | D:3      | 2412 ||| SWAPPING to +0 war axe.
  2417 | D:3      | 2417 ||| DROPPING +0 hand axe.
  3014 | D:3      | 3014 ||| UPGRADING to +0 chain mail.
  3024 | D:3      | 3024 ||| DROPPING +0 ring mail.
  3025 | D:3      | 3025 ||| READING scroll labelled ESYLID VALAEP.
  3026 | D:3      | 3026 ||| READING scroll labelled DUTOEG KUUDY.
  3027 | D:3      | 3027 ||| READING scroll labelled UZOMARIBRU.
  3028 | D:3      | 3028 ||| DRINKING 2 brown potions.
  3029 | D:3      | 3029 ||| DRINKING 2 puce potions.
  3133 | D:3      | 3133 ||| DROPPING potion of berserk rage.
  3215 | D:4      | 3215 ||| Stepping ~*~*~tactically~*~*~ (hiding).
  3216 | D:4      | 3216 ||| INVOKING Berserk.
  3227 | D:4      | HP: 5/33 [gnoll bouda/+0 whip (9)]
  3228 | D:4      | 3228 ||| READING 2 scrolls of teleportation.
  3229 | D:4      | Slain by a gnoll

Levels and vault maps discovered:
D:1:      roderic_octagonal_star, layout_basic, amcnicky_mini_corridor_feature
D:2:      layout_basic, serial_shops, nicolae_shop_hallway_stairs
D:3:      layout_loops_ring, nicolae_dithmenos_shadow_blocks,
          nicolae_ecumenical_pavilion
D:4:      layout_basic, xom_confusion_cloud, minmay_temple_entry_purple_smoke,
          kennysheep_generic_room_13

Skill      XL: |  1  2  3  4 |
---------------+-------------+-----
Axes           | 3 4 5 |  5.1
Fighting       | |  3.7
Armour         | |  2.1
Dodging        | |  1.5

Action                   |  1- 3 |  4- 6 || total
-------------------------+-------+-------++-------
Melee: Hand axe          |    92 |    26 ||   118
       War axe           |       |    26 ||    26
Invok: Berserk           |       |     1 ||     1
  Use: Scroll            |     4 |     5 ||     9
       Potion            |     1 |     3 ||     4
Armor: Animal skin       |     9 |       ||     9
       Ring mail         |    16 |    13 ||    29
       Chain mail        |       |     9 ||     9
Dodge: Dodged            |    45 |    23 ||    68

Table legend:
 A = Non-vault XP
 B = Vault XP
 C = Vault XP percentage of total XP
 D = Non-vault monster count
 E = Vault monster count
 F = Vault count percentage of total count
                 A         B        C        D         E       F
            +---------+---------+-------+---------+---------+-------
      Total |     220 |       2 |   0.9 |      42 |       1 |   2.3
            +---------+---------+-------+---------+---------+-------
        D:1 |      30 |       0 |   0.0 |      17 |       0 |   0.0
        D:2 |      68 |       0 |   0.0 |      14 |       0 |   0.0
        D:3 |      93 |       0 |   0.0 |       8 |       0 |   0.0
        D:4 |      29 |       2 |   6.5 |       3 |       1 |  25.0
            +---------+---------+-------+---------+---------+-------
